 Dungeon Crawl Stone Soup version 0.18.1-5-g4a78601 (webtiles) character file.

2253 Veros the Cleaver (level 9, 6/77 (79) HPs)
             Began as a Hill Orc Berserker on May 13, 2016.
             Was an Elder of Trog.
             Starved to death
             ... on level 6 of the Dungeon.
             The game lasted 00:49:14 (10229 turns).

Veros the Cleaver (Hill Orc Berserker)             Turns: 10229, Time: 00:49:14

HP:   6/77 (79)     AC: 13    Str: 23    XL:     9   Next: 37%
MP:   9/9           EV:  6    Int:  7    God:    Trog [****..]
Gold: 91            SH:  4    Dex: 10    Spells: 0 memorised, 8 levels left

rFire  . . .     SeeInvis .     a - +0 hand axe
rCold  + . .     Gourm    .     u - +0 plate armour
rNeg   . . .     Faith    .     l - +0 buckler
rPois  .         Spirit   .     r - +0 helmet
rElec  .         Dismiss  .     (no cloak)
rCorr  .         Reflect  .     (no gloves)
SustAt .         Harm     .     (no boots)
MR     .....                    c - amulet of rage
Stlth  ..........               o - ring of protection from fire
                                k - ring of ice

@: fainting, heavily drained, not resistant to hostile enchantments, extremely
unstealthy
A: no striking features
a: Berserk, Trog's Hand, Brothers in Arms, Burn Spellbooks, Renounce Religion,
Evoke Berserk Rage


You were on level 6 of the Dungeon.
You worshipped Trog.
Trog was greatly pleased with you.
You were fainting.

You visited 1 branch of the dungeon, and saw 7 of its levels.

You collected 188 gold pieces.
You spent 97 gold pieces at shops.

Inventory:

Hand Weapons
 a - a +0 hand axe (weapon)
 q - a +1 dagger of electrocution
Armour
 l - a +0 buckler (worn)
 r - a +0 helmet (worn)
 u - a +0 plate armour (worn)
Jewellery
 c - an amulet of rage (around neck)
 h - an uncursed ring of protection from fire
 k - a ring of ice (left hand)
 o - a ring of protection from fire (right hand)
 t - an uncursed amulet of harm
Scrolls
 d - a scroll of enchant armour {unknown}
 f - a scroll of fear {unknown}
 i - 7 scrolls of identify {unknown}
 m - 3 scrolls of teleportation {unknown}
 s - 2 scrolls of remove curse {unknown}
 v - a scroll of enchant weapon
 x - a scroll of amnesia {unknown}
 y - 2 scrolls of magic mapping {unknown}
 z - a scroll of fog {unknown}
Potions
 b - 3 potions of degeneration {unknown}
 e - 2 potions of mutation {unknown}
 g - a potion of brilliance {unknown}
 j - 3 potions of agility {unknown}
 n - 5 potions of flight {unknown}
 p - a potion of curing {unknown}
 w - a potion of lignification {unknown}
 A - 3 potions of heal wounds {unknown}


   Skills:
 + Level 7.1(4.4) Fighting
 + Level 9.3(6.5) Axes
 + Level 7.5(4.9) Armour
 - Level 2.0(0.0) Dodging
 + Level 6.3(3.7) Shields


You had 8 spell levels left.
You didn't know any spells.

Dungeon Overview and Level Annotations

Branches:
Dungeon (7/15)
 Temple: D:4-7

Altars:
Nemelex Xobeh
Okawaru
Pakellas
Yredelemnul
The Shining One

Shops:
D:4 *[?


Message History

* * * LOW HITPOINT WARNING * * *
You barely miss the sky beast.
The sky beast is heavily wounded.
The sky beast hits you but does no damage.
You hit the sky beast but do no damage.
The sky beast is heavily wounded.
The sky beast hits you but does no damage.
You hit the sky beast but do no damage.
The sky beast is heavily wounded.
The sky beast barely misses you.
You closely miss the sky beast.
The sky beast is heavily wounded.
The sky beast barely misses you.
You hit the sky beast.
The sky beast is heavily wounded.
The sky beast hits you but does no damage.
You hit the sky beast.
The sky beast is severely wounded.
You have starved to death.
You die...

#..####.# ##.## #.# #..####.#
#.# ######.## #.....#.# #.#
#.......# ##.##.#.# ##'##
#.####..# #.##.#.# ##...## #.#
#..# #.##.#.# ##.....##
#.####..#
#......###....≈..###.##..#.#
##...####.....≈...##.#.....###
##.......'....@Y.).'...........
#.....####....<....##.#...#.###
#.##.## ##.......###.......# #
#.#### ##.....## ####..### #
#.# ##...## ##.# # #.# ##'##
#.# # #.# #.# #.# # ###.### #.#
#.# # ......# ##.##########.# #


You could see a sky beast.

Vanquished Creatures
  A sky beast (D:5)
  A phantom (D:4)
  2 necrophages
  3 ogres
  2 centaurs
  A big kobold (D:7)
  2 scorpions
  The ghost of subsebi the Chopper, a weakling DsCK of Xom (D:3)
  6 crimson imps
  A hound (D:4)
  4 orc wizards
  4 orc priests (D:5)
  10 worker ants
  2 hound skeletons (D:6)
  8 gnolls
  A worker ant zombie (D:7)
  2 howler monkey skeletons
  12 adders
  An ooze (D:1)
  5 worms
  2 dart slugs (D:1)
  3 giant geckos
  18 orcs
  4 ball pythons (D:1)
  7 giant cockroaches
  7 goblins
  6 hobgoblins
  6 jackals
  3 quokkas
  10 bats
  A giant gecko skeleton (D:4)
  3 giant newts
  11 kobolds
  9 rats
159 creatures vanquished.

Vanquished Creatures (collateral kills)
  Eustachio (D:6)
  A black bear (D:7)
  A quasit (D:7)
  A worker ant (D:7)
  3 kobolds (D:7)
  A quokka (D:7)
8 creatures vanquished.

Vanquished Creatures (others)
  A crocodile (D:4)
1 creature vanquished.

Grand Total: 168 creatures vanquished

Notes
Turn   | Place    | Note
--------------------------------------------------------------
     0 | D:1      | Veros the Hill Orc Berserker began the quest for the Orb.
     0 | D:1      | Reached XP level 1. HP: 19/19 MP: 1/1
    69 | D:1      | Reached XP level 2. HP: 16/27 MP: 2/2
   542 | D:1      | Reached XP level 3. HP: 33/33 MP: 3/3
   548 | D:1      | Reached ** piety under Trog
   750 | D:1      | Reached skill level 5 in Axes
  1523 | D:2      | Reached XP level 4. HP: 38/40 MP: 4/4
  1945 | D:3      | Noticed subsebi's ghost (weakling DsCK)
  1968 | D:3      | Reached skill level 1 in Shields
  2365 | D:3      | Reached *** piety under Trog
  2387 | D:3      | Reached XP level 5. HP: 10/46 MP: 5/5
  2735 | D:3      | Killed subsebi's ghost
  2786 | D:3      | Found a basalt altar of Yredelemnul.
  2840 | D:3      | Reached XP level 6. HP: 52/53 MP: 6/6
  2984 | D:3      | Noticed a necrophage
  3009 | D:3      | Killed a necrophage
  3451 | D:3      | Reached skill level 6 in Axes
  3875 | D:4      | Reached XP level 7. HP: 36/58 MP: 7/7
  3933 | D:4      | Reached skill level 5 in Fighting
  4267 | D:4      | Found Fietoufam's Magic Scroll Emporium.
  4312 | D:4      | Bought a scroll of enchant weapon for 97 gold pieces
  4912 | D:4      | Reached skill level 5 in Shields
  5065 | D:4      | Found Caom's Armour Boutique.
  5251 | D:4      | Found Buubec's General Store.
  5300 | D:4      | Found an oddly glowing altar of Pakellas.
  5300 | D:4      | Noticed an orange crystal statue
  5400 | D:4      | Found a glowing golden altar of the Shining One.
  5402 | D:4      | Found a sparkling altar of Nemelex Xobeh.
  5569 | D:5      | Entered Level 5 of the Dungeon
  5695 | D:5      | Reached skill level 5 in Armour
  5695 | D:5      | Reached XP level 8. HP: 30/67 MP: 8/8
  5901 | D:5      | Reached skill level 7 in Axes
  6218 | D:5      | Reached **** piety under Trog
  7557 | D:5      | Reached skill level 8 in Axes
  8350 | D:6      | Reached XP level 9. HP: 76/76 MP: 9/9
  8617 | D:6      | Noticed Eustachio
  8719 | D:6      | Killed Eustachio
  9148 | D:6      | Reached skill level 9 in Axes
  9839 | D:6      | Found an iron altar of Okawaru.
 10159 | D:5      | Paralysed by fainting for 10 turns
 10190 | D:6      | Paralysed by fainting for 9 turns
 10229 | D:6      | Starved to death

Skill      XL: |  1  2  3  4  5  6  7  8  9 |
---------------+----------------------------+-----
Dodging        | 2 |  2.0
Fighting       | 4 5 6 7 |  7.1
Axes           | 5 6 8 9 |  9.3
Shields        | 1 2 4 5 6 |  6.3
Armour         | 3 4 5 6 7 |  7.5

Action                   |  1- 3 |  4- 6 |  7- 9 || total
-------------------------+-------+-------+-------++-------
Melee: Hand axe          |   137 |   249 |   694 ||  1080
Invok: Berserk           |       |     2 |     1 ||     3
       Trog's Hand       |       |     1 |       ||     1
       Brothers in Arms  |       |       |     2 ||     2
  Eat: Meat ration       |     1 |       |       ||     1
       Bread ration      |       |     1 |     2 ||     3
       Chunk             |       |     1 |     4 ||     5
       Royal jelly       |       |       |     1 ||     1
       Pizza             |       |       |     1 ||     1
       Beef jerky        |       |       |     1 ||     1
       Fruit             |       |       |     4 ||     4
Armor: Animal skin       |     7 |       |       ||     7
       Scale mail        |    56 |    87 |    65 ||   208
       Plate armour      |       |       |   304 ||   304
Dodge: Dodged            |    74 |    47 |   214 ||   335
Block: Large shield      |    55 |   197 |       ||   252
       Buckler           |       |       |   127 ||   127
